Map: Golden Wall LE

Players

XXXXXXXXXXXX

  • Race: Terran Terran
  • League: Master
  • Spawn Location: 5:00

Syndrome - Winner!

  • Race: Protoss Protoss
  • League: Grandmaster
  • Spawn Location: 7:00

VOD

Have the link to the VOD?

Description

Time

  • Played on: Aug. 11, 2020, 1:08 p.m.
  • Length: 3:22
Show
View Real Time Build Order
Export as new Build Order

XXXXXXXXXXXX Terran 

Build Orders: Reaper Expand 

Get SALT Encoding   

  12  0:00  SCV  
  13  0:12  SCV  
  14  0:17  Supply Depot  
  14  0:24  SCV  
  15  0:39  SCV  
  15  0:42  Barracks  
  16  0:45  Refinery  
  16  0:51  SCV  
  17  1:03  SCV  
  18  1:15  SCV  
  19  1:28  Orbital Command  
  19  1:29  Reaper  
  20  1:41  Command Center  
  20  1:49  Supply Depot  
  20  1:54  SCV  
  21  2:04  Factory  
  21  2:09  Refinery  
  21  2:10  SCV  
  22  2:21  Barracks Reactor  
  22  2:22  SCV  
  23  2:34  SCV  
  24  2:46  SCV  
  25  2:51  Starport  
  25  2:54  Orbital Command  
  25  3:00  SCV  
  30  3:07  Barracks Tech Lab  
Show
View Real Time Build Order
Export as new Build Order

Syndrome Protoss - Winner!

Build Orders:  

Get SALT Encoding   

  12  0:10  Pylon  
  12  0:13  Probe  
  13  0:29  Gateway  
  13  0:34  Probe  
  14  0:42  Assimilator  
  14  0:47  Probe (Chrono Boost)  
  15  0:51  Assimilator  
  16  0:57  Probe (Chrono Boost)  
  16  1:02  Probe (Chrono Boost)  
  17  1:13  Probe  
  17  1:17  Cybernetics Core  
  19  1:25  Probe  
  19  1:32  Pylon  
  19  1:37  Probe  
  20  1:53  Stargate  
  20  1:57  Adept (Chrono Boost)  
  22  2:08  Probe  
  23  2:20  Probe  
  24  2:40  Shield Battery, Void Ray (Chrono Boost)  
  28  2:49  Pylon  
  28  2:55  Probe  
Tags
 
Add a new tag
Caveats
  • Supply blocks, unpowered buildings, or Contaminate may cause inaccurate times.
  • Supply counts are checked every 10 seconds.